Map: Ice and Chrome LE

Players

BlyOnFire (Bly) - Winner!

  • Race: Zerg Zerg
  • Spawn Location: 1:00

Lambo

  • Race: Zerg Zerg
  • Spawn Location: 7:00

Event: DreamHack SC2 Masters 2020 Fall

VOD

Have the link to the VOD?

Description

Time

  • Played on: Aug. 27, 2020, 1:40 p.m.
  • Length: 16:35

All games in this series

Show
View Real Time Build Order
Export as new Build Order

BlyOnFire Zerg - Winner!

Build Orders: Hatch First, Muta Ling Bane 

Get SALT Encoding   

  12  0:00  Drone  
  13  0:12  Overlord  
  13  0:17  Drone  
  14  0:30  Drone x2  
  16  0:47  Hatchery  
  15  0:51  Drone  
  15  0:54  Drone  
  17  0:58  Drone  
  18  1:10  Extractor  
  17  1:13  Spawning Pool  
  17  1:16  Drone  
  17  1:19  Drone  
  18  1:27  Drone  
  19  1:40  Drone  
  20  1:51  Overlord  
  20  2:00  Queen x2  
  24  2:02  Zergling x4  
  26  2:11  Drone x2, Metabolic Boost  
  28  2:21  Drone x2  
  30  2:39  Hatchery  
  30  2:40  Queen  
  31  2:44  Drone  
  31  2:50  Overlord  
  32  3:00  Drone x2  
  33  3:13  Zergling x12  
  39  3:23  Roach Warren, Zergling x8  
  39  3:26  Overlord  
  42  3:38  Drone x2  
  44  3:47  Drone x6  
  50  3:52  Drone x3  
  53  3:56  Overlord  
  53  4:01  Overlord  
  52  4:14  Drone x4  
  50  4:25  Drone x4  
  50  4:26  Drone x2  
  50  4:29  Extractor  
  50  4:30  Extractor  
  50  4:31  Lair  
  52  4:33  Zergling x8  
  52  4:34  Evolution Chamber  
  53  4:46  Zergling x10  
  58  4:57  Roach x3  
  64  5:00  Zergling x18  
  64  5:02  Zerg Melee Weapons Level 1  
  73  5:13  Drone x4  
  73  5:20  Drone  
  69  5:22  Extractor  
  69  5:25  Drone x3  
  69  5:27  Drone x3  
  74  5:31  Drone  
  74  5:34  Overlord  
  74  5:37  Overlord  
  74  5:38  Spire  
  65  5:51  Zergling x8  
  65  5:52  Zergling x6  
  65  5:55  Evolution Chamber  
  71  5:59  Overlord  
  71  6:02  Drone, Overlord  
  71  6:03  Drone x6  
  78  6:06  Overlord  
  78  6:10  Extractor  
  78  6:11  Extractor  
  76  6:12  Overlord  
  77  6:20  Overlord  
  77  6:33  Overlord  
  77  6:36  Drone x7  
  77  6:37  Drone x3  
  86  6:47  Hatchery  
  86  6:48  Baneling Nest  
  83  6:55  Mutalisk x6  
  83  6:59  Zerg Melee Weapons Level 2  
  93  7:05  Mutalisk x4  
  101  7:11  Zerg Flyer Weapons Level 1  
  100  7:24  Mutalisk x2  
  104  7:31  Centrifical Hooks  
  104  7:32  Drone x11  
  115  7:44  Extractor, Overlord  
  114  7:47  Extractor  
  113  7:53  Zergling x2  
  113  7:54  Zergling x14  
  113  7:56  Hatchery  
  120  8:03  Zergling x14  
  127  8:09  Overlord  
  127  8:13  Baneling x16  
  127  8:14  Mutalisk x3  
  133  8:21  Overlord x2  
  133  8:22  Overlord  
  133  8:23  Overlord  
  133  8:29  Mutalisk x2  
  133  8:30  Mutalisk  
  133  8:32  Overlord  
  139  8:46  Overlord  
  139  8:47  Mutalisk x4  
  145  8:49  Overlord  
  145  8:50  Overlord  
  145  8:53  Zergling x12  
  151  8:59  Baneling x10  
  151  9:05  Zergling x14  
  151  9:07  Baneling x5  
  151  9:09  Baneling  
  158  9:10  Baneling  
  131  9:27  Zergling x2  
  131  9:28  Zergling x18  
  131  9:29  Baneling x8  
  113  9:50  Mutalisk x5  
  103  9:53  Zergling x6  
  103  9:58  Zergling x2  
  100  10:00  Zergling x6  
  100  10:05  Zergling x2  
  100  10:06  Zergling x2  
  101  10:09  Zergling x2  
  101  10:18  Zergling x2  
  101  10:19  Zergling x6  
  104  10:22  Mutalisk  
  104  10:25  Baneling x2  
  105  10:28  Zergling x14  
  105  10:35  Drone  
  98  10:57  Mutalisk x8  
  98  10:58  Hatchery  
  98  11:03  Baneling x5  
  113  11:08  Drone x7  
  120  11:12  Baneling x5  
  119  11:28  Mutalisk x2  
  119  11:30  Overlord  
  122  11:36  Overlord  
  119  11:42  Mutalisk x3  
  119  11:45  Drone  
  120  11:52  Overseer  
  120  11:53  Drone x8  
  128  11:58  Zerg Flyer Weapons Level 2  
  128  12:00  Zergling x2  
  128  12:01  Zergling x2  
  130  12:05  Burrow  
  128  12:26  Mutalisk x3  
  128  12:27  Drone  
  128  12:28  Drone x8  
  139  12:30  Extractor  
  135  12:37  Hatchery  
  132  12:48  Mutalisk x5  
  130  13:04  Zergling x22  
  141  13:14  Zergling x8  
  141  13:26  Mutalisk x6  
  142  13:42  Zergling x20  
  142  13:46  Overseer  
  142  13:47  Pneumatized Carapace  
  145  14:03  Mutalisk  
  145  14:04  Mutalisk x5  
  157  14:13  Baneling x8  
  157  14:15  Zergling x24  
  169  14:22  Overseer  
  169  14:25  Overseer  
  169  14:26  Overseer  
  169  14:29  Baneling x6  
  169  14:46  Hatchery  
  164  14:56  Zergling x14  
  164  14:57  Zergling x30  
  180  15:02  Baneling x24  
  154  15:14  Mutalisk x3  
  154  15:17  Zergling x14  
  126  15:29  Zergling x22  
  132  15:44  Baneling x3  
  132  15:45  Zergling x2, Baneling x11  
  132  15:46  Zergling x14  
  134  15:53  Mutalisk x4  
  136  15:57  Extractor  
  136  15:58  Extractor  
  128  16:07  Baneling x4, Overseer  
  128  16:10  Zergling x14  
Show
View Real Time Build Order
Export as new Build Order

Lambo Zerg 

Build Orders: Hatch First, Lurkers, Roach Hydra 

Get SALT Encoding   

  12  0:00  Drone  
  13  0:12  Overlord  
  13  0:18  Drone  
  14  0:30  Drone x2  
  16  0:47  Hatchery  
  15  0:50  Drone  
  15  0:54  Drone  
  17  0:57  Drone  
  18  1:07  Extractor  
  17  1:12  Spawning Pool  
  17  1:16  Drone  
  17  1:18  Drone  
  18  1:28  Drone  
  19  1:45  Drone  
  20  1:51  Drone  
  21  1:59  Queen x2  
  21  2:00  Overlord, Zergling x2  
  26  2:09  Drone, Metabolic Boost  
  26  2:12  Drone  
  28  2:22  Drone, Zergling x2  
  30  2:31  Zergling x2  
  30  2:35  Drone  
  32  2:42  Drone  
  32  2:43  Hatchery  
  32  2:47  Baneling Nest  
  31  2:52  Overlord  
  31  2:55  Drone x2  
  33  3:03  Drone  
  34  3:07  Drone  
  34  3:13  Drone x3  
  34  3:14  Zergling x4  
  34  3:17  Queen  
  41  3:23  Overlord  
  41  3:25  Zergling x2  
  42  3:31  Drone  
  42  3:33  Drone  
  43  3:35  Baneling x2  
  43  3:40  Evolution Chamber, Zergling x2  
  43  3:43  Zergling x4  
  43  3:46  Drone x4  
  49  3:51  Overlord  
  49  3:55  Drone  
  50  3:57  Drone  
  50  3:58  Drone x2  
  53  4:13  Zergling x12  
  53  4:14  Roach Warren  
  54  4:20  Zergling x6  
  55  4:24  Extractor, Zerg Ground Armor Level 1  
  55  4:25  Extractor  
  52  4:33  Overlord  
  52  4:34  Drone x4  
  52  4:36  Overlord  
  56  4:39  Drone  
  57  4:45  Drone  
  57  4:47  Drone  
  57  4:48  Drone  
  57  4:49  Drone x2  
  62  4:53  Drone x2  
  62  4:56  Lair  
  62  4:58  Drone  
  65  5:01  Drone x2, Zergling x2  
  65  5:05  Drone x2  
  70  5:09  Drone x4  
  70  5:13  Drone  
  74  5:19  Roach  
  73  5:23  Roach x2  
  73  5:25  Extractor  
  75  5:29  Roach x3  
  75  5:31  Drone  
  81  5:36  Overlord x2  
  81  5:38  Overlord  
  81  5:39  Overlord  
  81  5:42  Zergling x2  
  75  5:51  Drone x7  
  75  5:55  Overseer  
  75  5:56  Drone  
  83  5:58  Glial Reconstitution  
  83  5:59  Drone  
  83  6:03  Roach x5  
  94  6:09  Extractor x2, Overlord  
  91  6:11  Roach x2  
  95  6:18  Hydralisk Den, Zerg Missile Weapons Level 1  
  94  6:26  Drone x3, Hatchery  
  94  6:27  Drone x2  
  94  6:28  Drone  
  94  6:29  Drone  
  100  6:33  Drone  
  100  6:35  Roach x3  
  100  6:39  Drone x3  
  110  6:46  Overlord  
  110  6:47  Hydralisk  
  110  6:48  Muscular Augments  
  110  6:49  Drone  
  110  6:50  Drone, Hatchery  
  110  6:51  Drone  
  115  6:58  Hydralisk x2  
  115  6:59  Hydralisk  
  120  7:02  Spore Crawler  
  120  7:04  Spore Crawler  
  120  7:05  Hydralisk  
  120  7:08  Pneumatized Carapace  
  120  7:10  Spore Crawler  
  120  7:11  Drone, Hatchery  
  120  7:13  Spore Crawler  
  118  7:15  Spore Crawler  
  118  7:16  Hydralisk x2  
  118  7:21  Overlord  
  121  7:24  Hydralisk x2  
  125  7:30  Hydralisk x2  
  125  7:32  Overlord  
  125  7:34  Overlord  
  129  7:38  Overlord  
  129  7:56  Hydralisk x10  
  129  7:58  Overlord  
  149  8:00  Overlord  
  149  8:05  Overlord  
  146  8:07  Overlord  
  146  8:09  Grooved Spines  
  146  8:11  Overlord  
  146  8:16  Queen, Hydralisk x2  
  152  8:20  Hydralisk  
  152  8:21  Roach  
  152  8:26  Hydralisk x2  
  152  8:27  Hydralisk  
  155  8:31  Hydralisk x2  
  165  8:35  Hydralisk  
  165  8:36  Roach  
  169  8:47  Infestation Pit, Roach x3, Lurker Den  
  173  8:50  Roach x2  
  173  8:54  Roach x2  
  181  8:56  Roach  
  181  9:00  Overlord  
  183  9:04  Overlord, Baneling x2  
  183  9:09  Overlord  
  183  9:16  Roach x2  
  183  9:23  Roach x6  
  171  9:25  Roach x3  
  167  9:32  Hydralisk x3  
  160  9:42  Hydralisk x4  
  154  9:46  Roach x2  
  154  9:48  Hydralisk  
  134  9:54  Hydralisk x3  
  128  10:03  Hydralisk x3  
  128  10:10  Hydralisk  
  128  10:11  Hydralisk x2  
  128  10:14  Hydralisk  
  130  10:16  Hydralisk  
  130  10:18  Drone x2  
  136  10:21  Hydralisk  
  136  10:27  Roach x4  
  142  10:35  Roach x3  
  142  10:39  Drone x6  
  142  10:42  Extractor  
  139  10:45  Lurker x2  
  135  10:50  Drone x2  
  135  10:53  Lurker, Hydralisk, Spore Crawler  
  135  10:54  Roach, Spore Crawler  
  134  11:01  Drone x3  
  134  11:03  Hive  
  133  11:05  Extractor  
  133  11:08  Hydralisk, Roach x2  
  138  11:11  Drone x3  
  138  11:12  Drone  
  138  11:13  Drone  
  143  11:19  Lurker  
  135  11:25  Drone x2  
  135  11:26  Drone x8  
  123  11:41  Hydralisk x5  
  123  11:44  Drone  
  132  11:52  Drone x3  
  132  11:53  Drone  
  136  12:03  Hydralisk x3  
  136  12:07  Roach  
  144  12:10  Drone x2  
  140  12:20  Viper x2  
  140  12:23  Viper  
  140  12:25  Hydralisk  
  144  12:33  Drone x3  
  147  12:37  Spore Crawler  
  147  12:40  Spore Crawler  
  147  12:41  Hydralisk  
  143  12:47  Hydralisk  
  143  12:48  Hydralisk  
  131  13:02  Hydralisk  
  131  13:03  Hydralisk x2  
  137  13:10  Hydralisk x2  
  141  13:14  Adaptive Talons  
  141  13:17  Hydralisk  
  140  13:30  Hydralisk x4  
  142  13:39  Drone x4  
  138  13:42  Hydralisk  
  138  13:43  Roach  
  138  13:47  Hydralisk  
  144  13:51  Hydralisk  
  144  13:52  Hydralisk  
  148  13:56  Spore Crawler  
  148  14:02  Hydralisk  
  147  14:05  Hydralisk  
  147  14:06  Roach  
  147  14:08  Roach  
  153  14:12  Roach  
  153  14:15  Lurker  
  158  14:17  Roach  
  158  14:18  Drone  
  158  14:23  Extractor  
  158  14:24  Spore Crawler  
  158  14:25  Roach x2, Spore Crawler  
  158  14:30  Roach  
  162  14:42  Roach  
  162  14:43  Roach  
  166  14:56  Hydralisk x3  
  156  15:07  Hydralisk x2  
  149  15:26  Hydralisk x2  
  133  15:40  Drone  
  127  15:44  Hydralisk x2  
  131  15:57  Roach x3  
  137  16:06  Roach x2  
  135  16:11  Spawning Pool  
  135  16:15  Roach  

Tags
 
Add a new tag
Caveats
  • Supply blocks, unpowered buildings, or Contaminate may cause inaccurate times.
  • Supply counts are checked every 10 seconds.